 Dungeon Crawl Stone Soup version 0.19-a0-1341-g3513869 (webtiles) character file.

3449 Gagarin the Cleaver (level 9, -4/79 HPs)
             Began as a Minotaur Fighter on Sept 1, 2016.
             Was an Elder of Zin.
             Splashed by a brown ugly thing's acid (6 damage)
             ... on level 9 of the Dungeon.
             The game lasted 00:21:56 (6667 turns).

Gagarin the Cleaver (Minotaur Fighter)              Turns: 6667, Time: 00:21:57

Health: -4/79      AC:  3    Str: 25    XL:     9   Next: 78%
Magic:  9/11       EV: 13    Int:  7    God:    Zin [****..]
Gold:   402        SH:  0    Dex: 13    Spells: 0 memorised, 8 levels left

rFire  . . .     SeeInvis .     L - +0 battleaxe
rCold  . . .     Gourm    .     b - +0 scale mail
rNeg   . . .     Faith    .     (shield currently unavailable)
rPois  ∞         Spirit   .     (helmet restricted)
rElec  .         Dismiss  .     (no cloak)
rCorr  .         Reflect  .     (no gloves)
MR     .....     Harm     .     (no boots)
Stlth  ..........               (no amulet)
                                (no ring)
                                (no ring)

@: vitalised, corroded, drained
A: retaliatory headbutt, horns 2
a: Recite, Vitalisation, Imprison, Donate Gold, Renounce Religion


You were on level 9 of the Dungeon.
You worshipped Zin.
Zin was greatly pleased with you.
You were not hungry.

You visited 1 branch of the dungeon, and saw 9 of its levels.

You collected 446 gold pieces.
You donated 44 gold pieces to Zin.

Inventory:

Hand Weapons
 a - a +0 war axe
 L - a +0 battleaxe (weapon)
Armour
 b - a +0 scale mail (worn)
 c - a +0 shield
Jewellery
 k - an uncursed ring of positive energy {unknown}
 s - a cursed ring of teleportation {unknown}
 E - a cursed ring of loudness {unknown}
 H - an uncursed ring of stealth {unknown}
 M - a +2 ring of dexterity {unknown}
Wands
 A - a wand of flame (28/48)
 G - a wand of flame (19/48)
 I - a wand of confusion (38/48)
 N - a wand of disintegration (9/24)
 O - a wand of enslavement (10/24)
Scrolls
 e - a scroll of recharging {unknown}
 h - 4 scrolls of teleportation
 l - 4 scrolls of blinking {unknown}
 m - 2 scrolls of identify
 n - 6 scrolls of remove curse
 q - 2 scrolls of amnesia {unknown}
 r - 4 scrolls of enchant weapon {unknown}
 w - a scroll of random uselessness {unknown}
 y - a scroll of immolation {unknown}
 B - a scroll of fog
 C - a scroll of noise {unknown}
 K - a scroll of magic mapping {unknown}
Potions
 d - a potion of agility {unknown}
 g - 4 potions of curing
 i - a potion of berserk rage {unknown}
 j - a potion of ambrosia {unknown}
 p - 2 potions of resistance
 t - a potion of mutation {unknown}
 v - a potion of might
 x - 4 potions of flight
 z - a potion of cancellation {unknown}
 D - 3 potions of cure mutation
 F - a potion of degeneration {unknown}
Books
 J - a book of Fire

   Spells                             Type                      Level
   a - Ignite Poison                  Fire/Transmutation/Poison    3
   b - Fireball                       Conjuration/Fire             5
   c - Bolt of Fire                   Conjuration/Fire             6
   d - Delayed Fireball               Conjuration/Fire             7
   e - Ring of Flames                 Charms/Fire                  7
Comestibles
 f - 5 bread rations
 o - 5 meat rations


   Skills:
 + Level 7.5(6.9) Fighting
 * Level 10.4(9.8) Axes
 + Level 7.9(7.3) Armour
 + Level 5.9(5.4) Dodging
 - Level 3.6(3.0) Shields
 + Level 5.0(4.4) Invocations


You had 8 spell levels left.
You didn't know any spells.

Dungeon Overview and Level Annotations

Branches:
Dungeon (9/15)             Temple (0/1) D:7
   Lair: D:8-11         Orc: D:9-12

Altars:
Ashenzari
Fedhas
Gozag
Uskayaw
Zin

Shops:
D:6 :   D:8 :


Innate Abilities, Weirdness & Mutations

You reflexively headbutt those who attack you in melee.
You have a pair of horns on your head.


Message History

The brown ugly thing is heavily wounded.
You closely miss the wight. The brown ugly thing tail-slaps you!
You are splashed with acid!
The acid burns!
* * * LOW HITPOINT WARNING * * *
The wight closely misses you.
You slash the brown ugly thing! You headbutt the brown ugly thing.
The brown ugly thing is severely wounded.
You closely miss the wight. You hit the wight but do no damage.
The brown ugly thing barely misses you. The wight hits you with a war axe.
* * * LOW HITPOINT WARNING * * *
You feel drained.
* * * LOW HITPOINT WARNING * * *
The wight hits you with a battleaxe.
* * * LOW HITPOINT WARNING * * *
You feel drained.
* * * LOW HITPOINT WARNING * * *
The brown ugly thing tail-slaps you.
* * * LOW HITPOINT WARNING * * *
You are splashed with acid!
The acid burns!
You die...

### ####..#
#..#..#
##.zz..##
##.zu@...#
##...###...#
##...##
#.....
##...##
.#..# #...##
. ..
.........##
. .
....$....#
.........#
..........


You could see a brown ugly thing and 3 wights.

Vanquished Creatures
  Joseph (D:8)
  Prince Ribbit (D:8)
  A wyvern (D:8)
  Duvessa (D:6)
  A water moccasin (D:8)
  2 ice beasts
  An orc warrior (D:8)
  A necrophage (D:7)
  A black bear (D:6)
  2 phantoms
  3 centaurs
  A big kobold (D:7)
  2 giant frogs
  Dowan (D:6)
  3 killer bees (D:8)
  4 howler monkeys
  2 crimson imps (D:5)
  A centaur zombie (D:7)
  2 hounds
  A quasit (D:7)
  A giant frog skeleton (D:5)
  An orc priest (D:5)
  5 orc wizards
  2 centaur skeletons
  An iguana (D:4)
  5 worker ants
  A killer bee zombie (D:5)
  A hound skeleton (D:5)
  8 gnolls
  9 adders
  A shadow imp (D:7)
  2 adder skeletons (D:8)
  2 worms
  3 dart slugs
  A giant gecko (D:1)
  17 orcs
  5 giant cockroaches
  4 goblins
  6 hobgoblins
  8 jackals
  12 kobolds
  A quokka (D:2)
  A ball python (D:3)
  9 bats
  A giant gecko skeleton (D:4)
  2 giant gecko zombies
  3 giant newts (D:2)
  5 rats
  3 fungi (D:7)
  A plant (D:7)
153 creatures vanquished.

Vanquished Creatures (others)
  An orc (D:5)
1 creature vanquished.

Grand Total: 154 creatures vanquished

Notes
Turn   | Place    | Note
-------+----------+-------------------------------------------
     0 | D:1      | Gagarin the Minotaur Fighter began the quest for the Orb.
     0 | D:1      | Reached XP level 1. HP: 19/19 MP: 0/0
   345 | D:1      | Reached skill level 3 in Axes
   348 | D:1      | Reached XP level 2. HP: 25/27 MP: 1/1
   785 | D:2      | Reached skill level 4 in Axes
   785 | D:2      | Reached XP level 3. HP: 23/33 MP: 2/2
   991 | D:2      | Reached skill level 1 in Dodging
  1283 | D:2      | Reached XP level 4. HP: 34/40 MP: 3/3
  1317 | D:3      | Found a faded altar of an unknown god.
  1340 | D:3      | Became a worshipper of Zin the Law-Giver
  1340 | D:3      | Reached * piety under Zin
  1340 | D:3      | Reached ** piety under Zin
  1450 | D:3      | Reached XP level 5. HP: 14/46 MP: 4/4
  1808 | D:3      | Found an opulent altar of Gozag.
  2040 | D:4      | Reached skill level 5 in Axes
  2371 | D:4      | Reached *** piety under Zin
  2490 | D:4      | Reached XP level 6. HP: 28/53 MP: 5/5
  2861 | D:4      | Found a glowing silver altar of Zin.
  3018 | D:4      | Reached skill level 1 in Invocations
  3199 | D:4      | Reached skill level 6 in Axes
  3213 | D:5      | Entered Level 5 of the Dungeon
  3223 | D:5      | Reached XP level 7. HP: 56/60 MP: 7/7
  3252 | D:5      | Reached skill level 5 in Fighting
  3252 | D:5      | Reached skill level 5 in Armour
  3580 | D:5      | Reached skill level 7 in Axes
  3829 | D:5      | Reached XP level 8. HP: 55/69 MP: 8/8
  4047 | D:6      | Reached **** piety under Zin
  4072 | D:6      | Found a hide-covered altar of Uskayaw.
  4126 | D:6      | Reached skill level 8 in Axes
  4264 | D:6      | Found Goggicar's Book Shop.
  4265 | D:6      | Noticed Duvessa
  4265 | D:6      | Noticed Dowan
  4275 | D:6      | Killed Duvessa
  4276 | D:6      | Killed Dowan
  4569 | D:7      | Found a shattered altar of Ashenzari.
  4705 | D:7      | Reached skill level 5 in Dodging
  4768 | D:7      | Found a staircase to the Ecumenical Temple.
  4773 | D:7      | Reached ***** piety under Zin
  4847 | D:7      | Found a blossoming altar of Fedhas.
  5180 | D:7      | Reached skill level 9 in Axes
  5233 | D:8      | Found Fumool's Book Shoppe.
  5277 | D:8      | Reached XP level 9. HP: 63/78 MP: 7/10
  5413 | D:8      | Noticed Prince Ribbit
  5427 | D:8      | Killed Prince Ribbit
  6049 | D:8      | Noticed Joseph
  6064 | D:8      | Killed Joseph
  6064 | D:8      | Reached skill level 10 in Axes
  6347 | D:8      | Reached skill level 5 in Invocations
  6421 | D:9      | Noticed a troll
  6654 | D:9      | Noticed a brown ugly thing
  6667 | D:9      | HP: 2/79 [brown ugly thing (4)]
  6667 | D:9      | Splashed by a brown ugly thing's acid

Vault maps used:
D:1:      dpeg_arrival_simpleton_b, supply_closet_lemuel, minivault_23
D:2:      minmay_misc_feat_diagonals
D:3:      nicolae_overflow_hidden_temple, nicolae_gozag_seed_capital,
          ecumenical_altar_2
D:4:      lemuel_doored_altar, minivault_4
D:5:      first_bread
D:6:      eat_drink_and_be_merry_uskayaw, serial_shops,
          nicolae_shop_temple_entry_statues_fountains, uniq_duvessa
D:7:      fedhas_altar_3, ashenzari_altar_1
D:8:      serial_shops, shop, uniq_joseph, uniq_prince_ribbit1
D:9:      cheibriados_altar_1, tso_metal_star, serial_shops,
          nicolae_shop_behind_doors, the_bakery

Skill      XL: |  1  2  3  4  5  6  7  8  9 |
---------------+----------------------------+-----
Axes           | 3 4 5 6 7 9 10 | 10.4
Dodging        | 1 2 3 4 5 |  5.9
Armour         | 4 5 6 7 |  7.9
Fighting       | 4 5 6 7 |  7.5
Invocations    | 1 2 3 5 |  5.0
Shields        | |  3.6

Action                   |  1- 3 |  4- 6 |  7- 9 || total
-------------------------+-------+-------+-------++-------
Melee: War axe           |    85 |   106 |   200 ||   391
       Headbutt          |    14 |    23 |    47 ||    84
       Battleaxe         |       |       |    43 ||    43
Invok: Vitalisation      |       |     1 |     4 ||     5
       Recite            |       |     1 |    13 ||    14
  Use: Potion            |       |     1 |       ||     1
       Scroll            |       |       |     8 ||     8
 Stab: Confused          |       |       |     2 ||     2
       Invisible         |       |       |     1 ||     1
       Paralysed         |       |       |     1 ||     1
  Eat: Chunk             |     1 |     6 |     6 ||    13
       Beef jerky        |       |       |     1 ||     1
       Meat ration       |       |       |     1 ||     1
       Royal jelly       |       |       |     1 ||     1
Armor: Scale mail        |    58 |    45 |    99 ||   202
Dodge: Dodged            |    45 |    70 |   162 ||   277
